 Dungeon Crawl Stone Soup version 0.31.0-32-g396128a36d (webtiles) character file.

Game seed: 17356236683643335759

115 Mels the Magician (level 4, 0/30 HPs)
             Began as a Demonspawn Hedge Wizard on Apr 17, 2024.
             Slain by an orc wizard
             ... wielding a +0 dagger
              (2 damage)
             ... on level 3 of the Dungeon.
             The game lasted 00:04:46 (3124 turns).

Mels the Magician (Demonspawn Hedge Wizard)         Turns: 3124, Time: 00:04:46

Health: 0/30       AC:  3    Str: 10    XL:     4   Next: 68%
Magic:  1/10       EV: 12    Int: 16    God:
Gold:   168        SH:  4    Dex: 13    Spells: 8/11 levels left

rFire   . . .        a - +0 dagger
rCold   . . .        (no shield)
rNeg    . . .        b - +0 robe
rPois   .            p - +0 helmet
rElec   .            (no cloak)
rCorr   .            (no gloves)
SInv    .            (no boots)
Will    .....        (no amulet)
Stlth   ++           (no ring)
HPRegen 0.25/turn    (no ring)
MPRegen 0.12/turn

%: no passive effects
@: brilliant
A: condensation shield
a: no special abilities


You were on level 3 of the Dungeon.
You visited 1 branch of the dungeon, and saw 3 of its levels.

You collected 168 gold pieces.

Inventory:

Hand Weapons
 a - a +0 dagger (weapon)
Armour
 b - a +0 robe (worn)
 c - a +0 hat
 p - a +0 helmet (worn)
Scrolls
 g - a scroll of noise
 i - a scroll of immolation {unknown}
 j - 2 scrolls of teleportation
 k - a scroll of silence {unknown}
 l - a scroll of acquirement {unknown}
 n - a scroll of amnesia {unknown}
 o - a scroll of enchant weapon
 q - a scroll of enchant armour {unknown}
 r - a scroll of fog {unknown}
 s - a scroll of identify
Potions
 d - a potion of magic
 e - 2 potions of brilliance
 f - 2 potions of heal wounds {unknown}
 h - a potion of curing {unknown}
 m - a potion of cancellation {unknown}


   Skills:
 + Level 1.5 Short Blades
 - Level 1.7 Dodging
 - Level 1.7 Stealth
 - Level 4.0 Spellcasting
 - Level 1.0 Conjurations
 - Level 3.0 Summonings
 - Level 0.8 Translocations


You had 8 spell levels left.
You knew the following spells:

 Your Spells              Type           Power      Damage    Failure   Level
a - Magic Dart            Conj           36%        1d4       11%         1
b - Call Imp              Summ           38%        N/A       8%          2

Your spell library contained the following spells:

 Spells                   Type           Power      Damage    Failure   Level
 Slow                     Hex            16%        N/A       17%         1
 Blink                    Tloc           16%        N/A       19%         2
 Cigotuvi's Dreadful Rot  Necr/Alch/Air  8%         N/A       26%         2
 Mephitic Cloud           Conj/Alch/Air  6%         N/A       41%         3


Dungeon Overview and Level Annotations

Branches:
Dungeon (3/15) Zot: 14877

Altars:
Xom

Shops:
D:1 =


Innate Abilities, Weirdness & Mutations

A meltable shield of frost defends you. (SH +4)


Message History

A magic dart appears from out of thin air!
The magic dart hits you.
You take 6 damage, and have 12/30 hp.
You now have 2/10 mp.
Casting: Magic Dart (safe; 11% risk of failure)
Confirm with . or Enter, or press ? or * to list all spells.
Aiming: Magic Dart (safe; 11% risk of failure)
Press: ? - help, Shift-Dir - straight line The magic dart hits something.
Your cerulean imp disappears in a puff of smoke!
Something hits you.
You take 1 damage, and have 11/30 hp.
You now have 1/10 mp.
Casting: Magic Dart (safe; 11% risk of failure)
Confirm with . or Enter, or press ? or * to list all spells.
Aiming: Magic Dart (safe; 11% risk of failure)
Press: ? - help, Shift-Dir - straight line The magic dart hits something but does no damage.
Something hits you.
You take 1 damage, and have 10/30 hp.
You now have 0/10 mp.
Casting: Magic Dart (safe; 11% risk of failure)
Confirm with . or Enter, or press ? or * to list all spells.
You don't have enough magic to cast this spell.
You completely miss something. Something barely misses you.
Unknown command.
You aren't carrying any items that you can evoke.
Okay, then.
You barely miss something.
Your icy envelope is restored.
You block something's attack.
You closely miss something. Something hits you.
You take 1 damage, and have 10/30 hp.
You barely miss something.
You hear some strange, mumbled words.
A magic dart appears from out of thin air!
The magic dart hits you!
* * * LOW HITPOINT WARNING * * *
You take 8 damage, and have 2/30 hp.
MASSIVE DAMAGE!!
It was a potion of brilliance.
You feel clever all of a sudden. Something hits you.
You die...

############
+..>)..)....
###{########
############@#
#.........##.#
#.........##.#
#.........##.##########
#.........##........[.#
#............########.#
#..........#.#......#.#
#..........#.#.####.#.#
#..........#.#.#..#.#.#


There were no monsters in sight!

Vanquished Creatures
  6 adders
  A dart slug (D:2)
  3 orcs (D:3)
  4 endoplasms
  3 giant cockroaches
  4 goblins
  6 jackals
  3 quokkas
  7 ball pythons
  A bat (D:2)
  4 frilled lizards
  5 kobolds
  A rat (D:1)
48 creatures vanquished.

Vanquished Creatures (collateral kills)
  A goblin (D:2)
  3 jackals
4 creatures vanquished.

Grand Total: 52 creatures vanquished

Notes
Turn   | Place    | Note
-------+----------+-------------------------------------------
     0 | D:1      | Mels the Demonspawn Hedge Wizard began the quest for the
                  | Orb.
     0 | D:1      | Reached XP level 1. HP: 13/13 MP: 4/4
   276 | D:1      | Gained mutation: A meltable shield of frost defends you.
                  | (SH +4) [demonic ancestry]
   276 | D:1      | Reached XP level 2. HP: 19/19 MP: 2/6
   806 | D:1      | Learned a level 2 spell: Call Imp
   858 | D:1      | Found Raoh's One-of-a-Kind Rings.
   955 | D:1      | Reached skill level 4 in Spellcasting
  1326 | D:2      | Reached XP level 3. HP: 24/24 MP: 5/8
  1676 | D:2      | You fall into a shaft and drop 1 floor!
  2201 | D:2      | Reached XP level 4. HP: 29/30 MP: 1/10
  2630 | D:3      | Reached skill level 1 in Short Blades
  2966 | D:3      | Found a shimmering altar of Xom.
  3124 | D:3      | Slain by an orc wizard

Illustrated notes

Levels and vault maps discovered:
D:1:      lemuel_arrival_rhombus, layout_rooms, hangedman_decor_diamond_cutter,
          grunt_decor_mini_mirrors, roderic_lattice_a, nicolae_shop_unique_rings
D:2:      layout_loops_ring, basic_altar
D:3:      layout_basic, regret_index_xom_buried_treasure

Skill      XL: |  1  2  3  4 |
---------------+-------------+-----
Spellcasting   | 4 |  4.0
Summonings     | 2 3 |  3.0
Short Blades   | 1 |  1.5
Dodging        | |  1.7
Stealth        | |  1.7
Conjurations   | |  1.0
Translocations | |  0.8

Action                     |  1- 3 |  4- 6 || total
---------------------------+-------+-------++-------
  Melee: Dagger            |    48 |    26 ||    74
   Cast: Magic Dart        |   107 |    38 ||   145
         Call Imp          |     1 |     2 ||     3
    Use: Scroll            |       |     3 ||     3
         Potion            |       |     1 ||     1
 Armour: Robe              |    40 |    36 ||    76
  Dodge: Dodged            |    48 |    20 ||    68
  Block: Other             |    15 |     7 ||    22
